Map: Abyssal Reef LE

Players

JimRising

  • Race: Zerg Zerg
  • League: Diamond
  • Spawn Location: 5:00

Winter - Winner!

  • Race: Protoss Protoss
  • League: Diamond
  • Spawn Location: 11:00

VOD

Have the link to the VOD?

Description

Time

  • Played on: Dec. 4, 2017, 9:28 p.m.
  • Length: 5:22
Show
View Real Time Build Order
Export as new Build Order

JimRising Zerg 

Build Orders: Pool First 

Get SALT Encoding   

  12  0:01  Drone  
  13  0:12  Drone  
  14  0:21  Overlord  
  14  0:29  Extractor x2  
  14  0:30  Drone  
  14  0:34  Drone  
  16  0:39  Drone  
  17  0:52  Extractor  
  17  0:53  Spawning Pool  
  17  0:55  Drone  
  16  0:59  Drone  
  17  1:07  Drone  
  18  1:31  Drone  
  18  1:32  Drone  
  20  1:40  Zergling x2  
  20  1:46  Evolution Chamber, Hatchery  
  19  1:49  Extractor  
  19  1:51  Queen, Drone  
  22  2:02  Overlord  
  22  2:08  Metabolic Boost  
  22  2:12  Overlord  
  22  2:22  Zergling x2  
  23  2:33  Hatchery  
  23  2:34  Drone  
  23  2:42  Drone  
  24  2:57  Zergling x2  
  25  3:03  Drone  
  25  3:04  Baneling Nest, Drone x2  
  27  3:12  Overlord  
  27  3:22  Queen  
  28  3:28  Zergling x2  
  29  3:38  Drone  
  29  3:39  Drone x2  
  31  3:43  Drone  
  32  3:54  Drone x2  
  34  4:06  Zergling x6  
  34  4:09  Baneling x3  
  37  4:11  Baneling  
  37  4:15  Zergling x4  
  39  4:21  Overlord  
  38  4:32  Roach Warren  
  38  4:35  Pneumatized Carapace  
  38  4:37  Drone  
  38  4:44  Queen  
  40  4:51  Zergling x6  
  34  5:02  Spine Crawler  
  34  5:05  Spine Crawler  
Show
View Real Time Build Order
Export as new Build Order

Winter Protoss - Winner!

Build Orders: Mass Adepts 

Get SALT Encoding   

  12  0:00  Probe  
  13  0:13  Probe  
  14  0:21  Pylon  
  14  0:25  Probe  
  15  0:39  Probe (Chrono Boost)  
  16  0:45  Gateway  
  16  0:49  Probe (Chrono Boost)  
  17  0:53  Probe  
  17  0:55  Assimilator  
  18  1:05  Probe  
  18  1:07  Gateway  
  19  1:18  Probe  
  20  1:30  Probe  
  20  1:32  Cybernetics Core  
  21  1:36  Assimilator  
  21  1:42  Probe  
  21  1:46  Pylon  
  22  1:55  Probe  
  23  2:09  Warp Gate, Adept x2  
  27  2:17  Twilight Council  
  27  2:29  Pylon  
  27  2:40  Adept  
  27  2:41  Adept  
  31  2:46  Gateway  
  31  2:54  Resonating Glaives (Chrono Boost)  
  31  3:11  Gateway, Adept  
  33  3:20  Adept  
  35  3:30  Pylon  
  33  3:42  Adept  
  33  3:43  Adept  
  33  3:47  Pylon  
  37  4:01  Pylon  
  37  4:14  Adept x2  
  41  4:22  Adept, Pylon  
  41  4:23  Adept  
  45  4:35  Gateway  
  45  4:38  Adept  
  43  5:02  Adept x3  
  49  5:18  Adept  
Tags
 
Composition
Mass Adepts
Matchup
PvZ
Opening
Pool First
Spawn Locations
Cross Positions
Add a new tag
Caveats
  • Supply blocks, unpowered buildings, or Contaminate may cause inaccurate times.
  • Supply counts are checked every 10 seconds.